 Dungeon Crawl Stone Soup version 0.22.1-6-g1668fe2c40 (webtiles) character file.

216161 Rediskos the Thaumaturge (level 18, -3/140 HPs)
             Began as a Gnoll Wizard on Jan 17, 2019.
             Was the Champion of Ashenzari.
             Killed from afar by a crystal guardian (10 damage)
             ... with a crystal bolt
             ... on level 3 of the Abyss.
             The game lasted 03:33:12 (40951 turns).

Rediskos the Thaumaturge (Gnoll Wizard)            Turns: 40951, Time: 03:33:13

Health: -3/140     AC: 16    Str: 13    XL:     18   Next: 53%
Magic:  3/35       EV: 16    Int: 33    God:    Ashenzari [******]
Gold:   702        SH:  7    Dex: 14    Spells: 4/44 levels left

rFire    + + +     SeeInvis +   a - +9 staff of Olgreb {rPois} (curse)
rCold    . . .     Gourm    .   R - +0 buckler
rNeg     + . .     Faith    .   L - +1 scale mail "Fiheatt" {rF+ Int+4 Dex+2}
rPois    ∞         Spirit   .   M - +1 helmet
rElec    +         Reflect  .   l - scarf {repulsion}
rCorr    .         Harm     .   K - +1 pair of gloves {Str+3}
MR       +....     Clarity  +   F - +0 pair of boots of Nihilism {rF+ Int+3}
Stlth    ++++......             P - amulet of magic regeneration (curse)
HPRegen  1.33/turn              C - ring "Suisoeth" {+Fly rElec rF++ rN+} (curse)
MPRegen  0.49/turn              k - ring of wizardry (curse)

@: about to teleport, very slightly contaminated, regenerating, invisible, repel
missiles
A: distributed training, fangs 1, clumsy 1, dopey 1, strong nose
}: 2/15 runes: barnacled, gossamer
a: Curse Item, Scrying, Renounce Religion, Evoke Flight


You were on level 3 of the Abyss.
You worshipped Ashenzari.
Ashenzari was exalted by your worship.
You were hungry.

You visited 6 branches of the dungeon, and saw 27 of its levels.
You visited the Abyss 1 time.
You also visited: Labyrinth.

You collected 3147 gold pieces.
You spent 2445 gold pieces at shops.

Inventory:

Hand Weapons
 a - the cursed +9 staff of Olgreb (weapon) {rPois}
   (You found it on level 10 of the Dungeon)

   It protects you from poison.
   It has a curse placed upon it.
 b - a +0 blowgun
Missiles
 z - 138 poisoned needles
 E - 6 curare-tipped needles
 W - 3 needles of confusion
Armour
 l - a scarf of repulsion (worn)
 F - the +0 pair of boots of Nihilism (worn) {rF+ Int+3}
   (You found it on level 4 of the Shoals)

   It affects your intelligence (+3).
   It protects you from fire.
 K - a +1 pair of gloves of strength (worn)
 L - the +1 scale mail "Fiheatt" (worn) {rF+ Int+4 Dex+2}
   (You found it on level 7 of the Dungeon)

   It affects your intelligence (+4).
   It affects your dexterity (+2).
   It protects you from fire.
 M - a +1 helmet (worn)
 R - a +0 buckler (worn)
Jewellery
 f - an uncursed ring of magical power
 k - a cursed ring of wizardry (right hand)
 C - the cursed ring "Suisoeth" (left hand) {+Fly rElec rF++ rN+}
   (You bought it in a shop on level 2 of the Orcish Mines)

   [ring of flight]

   It greatly protects you from fire.
   It insulates you from electricity.
   It protects you from negative energy.
   It lets you fly.
   It has a curse placed upon it.
 P - a cursed amulet of magic regeneration (around neck)
 S - an uncursed ring of poison resistance
Wands
 q - a wand of acid (15)
 t - a wand of digging (12)
 B - a wand of paralysis (14)
 G - a wand of iceblast (5)
 U - a wand of disintegration (11)
Scrolls
 j - a scroll of enchant armour
 m - 17 scrolls of teleportation
 n - 3 scrolls of blinking
 p - 6 scrolls of magic mapping
 w - 2 scrolls of fear {unknown}
 x - 5 scrolls of immolation
 y - 7 scrolls of fog
 A - 2 scrolls of noise
 D - 2 scrolls of silence {unknown}
 I - a scroll of acquirement {unknown}
 N - a scroll of vulnerability {unknown}
 Q - 12 scrolls of remove curse
Potions
 c - 3 potions of might
 d - a potion of agility
 g - 7 potions of heal wounds
 h - 4 potions of haste
 i - 13 potions of curing
 o - a potion of flight
 r - a potion of mutation
 s - 5 potions of ambrosia
 v - 2 potions of berserk rage
 J - 5 potions of brilliance
 X - 3 potions of cancellation
 Y - a potion of magic {unknown}
 Z - 2 potions of invisibility
Miscellaneous
 u - a fan of gales
 H - a sack of spiders
 O - a lamp of fire
 V - a phantom mirror
Comestibles
 e - 32 rations
 T - 10 chunks of flesh


   Skills:
 + Level 12.0 Fighting
 + Level 12.0 Short Blades
 + Level 12.0 Long Blades
 + Level 12.0 Axes
 + Level 12.0 Maces & Flails
 + Level 12.0 Polearms
 + Level 12.0(14.7) Staves
 + Level 12.0 Slings
 + Level 12.0 Bows
 + Level 12.0 Crossbows
 + Level 12.0 Throwing
 + Level 12.0 Armour
 + Level 12.7 Dodging
 + Level 12.6 Stealth
 + Level 12.0 Shields
 + Level 12.0 Unarmed Combat
 + Level 13.6 Spellcasting
 + Level 10.5(14.8) Conjurations
 + Level 10.3(14.5) Hexes
 + Level 10.3(14.5) Charms
 + Level 10.5(14.8) Summonings
 + Level 10.3(14.5) Necromancy
 + Level 10.5(14.8) Translocations
 + Level 10.3(14.5) Transmutations
 + Level 10.3(14.5) Fire Magic
 + Level 10.3(14.5) Ice Magic
 + Level 10.3(14.5) Air Magic
 + Level 10.3(14.5) Earth Magic
 + Level 10.3(14.5) Poison Magic
 + Level 13.0 Invocations
 + Level 12.0(17.5) Evocations


You had 4 spell levels left.
You knew the following spells:

 Your Spells              Type           Power        Failure   Level  Hunger
a - Shock                 Conj/Air       ####         0%          1    None
b - Blink                 Tloc           N/A          0%          2    None
c - Iron Shot             Conj/Erth      #######...   1%          6    ###....
d - Invisibility          Hex            #######.     1%          6    ###....
e - Orb of Destruction    Conj           #######...   4%          7    #####..
f - Static Discharge      Conj/Air       #######.     1%          3    None
q - Mephitic Cloud        Conj/Pois/Air  ########     1%          3    None
s - Bolt of Magma         Conj/Fire/Erth #######...   1%          5    None
w - Airstrike             Air            #######...   1%          4    None
z - Regeneration          Chrm/Necr      #######...   1%          3    None

Your spell library contained the following spells:

 Spells                   Type           Power        Failure   Level  Hunger
 Animate Skeleton         Necr           N/A          0%          1    None
 Apportation              Tloc           ######       0%          1    None
 Confusing Touch          Hex            ######       0%          1    None
 Corona                   Hex            #######      0%          1    None
 Infusion                 Chrm           ####         0%          1    None
 Magic Dart               Conj           ####         0%          1    None
 Sting                    Conj/Pois      ####         0%          1    None
 Summon Small Mammal      Summ           ####         0%          1    None
 Call Imp                 Summ           #######.     0%          2    None
 Corpse Rot               Necr           N/A          0%          2    None
 Poisonous Vapours        Pois/Air       ######       0%          2    None
 Shroud of Golubria       Chrm/Tloc      #######...   0%          2    None
 Slow                     Hex            #######.     0%          2    None
 Song of Slaying          Chrm           #######.     0%          2    None
 Swiftness                Chrm/Air       #######.     0%          2    None
 Conjure Flame            Conj/Fire      #######.     1%          3    None
 Ozocubu's Armour         Chrm/Ice       #######.     1%          3    None
 Spectral Weapon          Hex/Chrm       #######.     1%          3    None
 Stone Arrow              Conj/Erth      ######       1%          3    None
 Summon Guardian Golem    Hex/Summ       #######.     1%          3    None
 Leda's Liquefaction      Hex/Erth       #######...   1%          4    None
 Olgreb's Toxic Radiance  Pois           ########     1%          4    None
 Excruciating Wounds      Chrm/Necr      #######...   1%          5    None
 Iskenderun's Battlesphe  Conj/Chrm      #######.     1%          5    None
 Lightning Bolt           Conj/Air       #######...   1%          5    None
 Summon Forest            Summ/Tloc      #######...   1%          5    None
 Summon Mana Viper        Hex/Summ       #######.     1%          5    None
 Venom Bolt               Conj/Pois      ########..   1%          5    None
 Hydra Form               Tmut           #######...   1%          6    ###....
 Spellforged Servitor     Conj/Summ      #######...   4%          7    #####..
 Summon Hydra             Summ           #######...   4%          7    #####..
 Discord                  Hex            #######...   38%         8    ######.


Dungeon Overview and Level Annotations

Branches:
Dungeon (10/15)            Temple (0/1) D:5            Lair (6/6) D:10
 Shoals (4/4) Lair:4       Spider (4/4) Lair:3        Slime (0/5) Lair:6
    Orc (2/2) D:9             Elf (1/3) Orc:2

Altars:
Ashenzari
Cheibriados
Fedhas
Gozag
Makhleb
Qazlal
Sif Muna
Xom
The Shining One
Beogh
Jiyva

Shops:
D:8 =   Orc:1 *(   Orc:2 =(%[?(   Shoals:2 (   Shoals:4 !

Annotations:
D:10 1 runed door
Lair:2 1 runed door, Ebbaamay's ghost, journeyman DDFi


Innate Abilities, Weirdness & Mutations

Your experience applies equally to all skills.
You have very sharp teeth.
Your uncanny sense of smell can sniff out nearby items.
You are clumsy. (Dex -2)
You are dopey. (Int -2)


Message History

The crystal guardian fires a crystalline bolt at you.
The crystal bolt burns you! You resist.
Found four items.
The great orb of eyes changes into a wolf spider!
The crystal guardian fires a crystalline bolt at you.
The crystal bolt burns the crystal guardian.
The crystal guardian completely resists.
The crystal bolt burns you! You resist.
The crystal guardian closely misses you.
The crystal guardian fires a crystalline bolt at you.
The crystal bolt freezes you!
* * * LOW HITPOINT WARNING * * *
The crystal bolt is repelled.
The crystal bolt freezes the crystal guardian.
The crystal guardian completely resists.
The crystal guardian fires a crystalline bolt at you.
The crystal bolt burns the crystal guardian.
The crystal guardian completely resists.
The crystal bolt misses you. The crystal bolt burns you! You resist.
You die...

, , *, , ..#
.#####..#.#.##,.. *,>
* ....#.#.#.#.. .#).
., ,* ,≈ , *
(..#....s..#....'..,.
, * * ,,
,,,#.........#...#.,..
, *,, ,,,
,##.......###.#.# .. *
, ,, , *#...s..... #.
#. ,, ,,,,,##.G8k...##
.###* . , , , , ,
,#..8......#. . ,. , ,
* , ##@#+++#. #... , ,
, *,,, , *,
,###{{{###,,.#.# . **
,,, , ##x{∆{{##,, , #.
,* ,,, ,, ,*{/$∆?{{*
,, ,## ,, , , * ,
∆((φ[[{ , ,, ,,#. ,,*
,,, ,, * , ∆XX([{∆ ,,
, ,,, *** ,


?/(φ[ * , , * * ,, , ,,,*#$([## * , *, , , ,* , * * , * You could see a great
orb of eyes, 2 crystal guardians, a wolf spider shaped shifter, a lindwurm
shaped shifter (wandering), 2 thrashing horrors, an orb spider shaped shifter
(wandering) and an unseen horror (invisible).

Vanquished Creatures
  Arachne (Spider:3)
  A titan (Shoals:2)
  A frost giant (Shoals:4)
  5 ghost moths
  7 emperor scorpions
  2 stone giants
  An entropy weaver (Spider:2)
  2 spark wasps (Spider:4)
  A minotaur (Lab)
  2 merfolk javelineers (Shoals:4)
  5 merfolk impalers
  2 merfolk avatars
  A centaur warrior (Shoals:3)
  4 hydras
  4 catoblepae
  7 merfolk aquamancers
  Erica (Lair:1)
  3 alligator snapping turtles
  A satyr (Shoals:3)
  2 two-headed ogres
  4 orc high priests (Orc:2)
  4 dancing weapons (Elf:1)
  3 death yaks (Shoals:4)
  A queen ant (Lair:3)
  5 deep elf knights (Elf:1)
  14 sea snakes
  2 deep elf archers (Elf:1)
  9 harpies
  6 orc knights
  30 wolf spiders
  An oklob plant (D:8)
  23 orb spiders
  An ugly thing (D:8)
  8 deep elf magi (Elf:1)
  5 orc sorcerers (Orc:2)
  9 fauns
  A moth of wrath (Spider:4)
  24 manticores
  14 elephants (Lair:6)
  2 black mambas
  6 cyclopes
  13 merfolk sirens
  4 water nymphs
  A guardian serpent (shapeshifter) (Abyss:3)
  The ghost of Elizilla the Cudgeler, a novice FoFi (D:4)
  9 spiny frogs
  4 rime drakes
  7 komodo dragons
  22 demonic crawlers
  The ghost of rumpelstilzz the Ruffian, an amateur NaTm (D:4)
  11 hornets
  2 trolls
  5 polar bears
  6 wind drakes
  20 merfolk
  36 jumping spiders
  12 blink frogs
  8 hippogriffs
  10 snapping turtles
  9 dream sheep
  23 tarantellas
  3 wyverns (Lair:6)
  An air elemental (Elf:1)
  16 water elementals
  40 yaks
  2 shadows (Lab)
  Grum (D:8)
  65 redbacks
  5 basilisks
  The ghost of kerekes the Covered, an amateur HuFi (D:4)
  Menkaure (D:5)
  13 soldier ants
  4 wargs
  13 water moccasins
  10 porcupines
  6 ice beasts
  3 black bears (D:10)
  25 orc warriors
  2 phantoms
  A necrophage (D:5)
  The ghost of BushDid911 the Skirmisher, an amateur DsFi of Makhleb (D:4)
  2 ogres
  7 centaurs
  9 wolves
  20 crocodiles
  Blork the orc (D:5)
  3 big kobolds
  8 bullfrogs
  5 scorpions
  9 killer bees
  2 howler monkeys
  4 electric eels
  4 crimson imps
  A centaur zombie (D:10)
  11 orc priests
  A bullfrog zombie (D:8)
  2 bullfrog skeletons
  6 jellies
  20 orc wizards
  Natasha (D:2)
  23 worker ants
  A hound zombie (D:7)
  2 hound skeletons
  9 adders
  2 shadow imps
  5 oozes (D:8)
  A dart slug (D:1)
  3 leopard geckos
  36 orcs
  2 ball pythons
  3 giant cockroaches
  5 goblins
  5 hobgoblins
  2 jackals (D:6)
  A quokka (D:10)
  7 bats
  3 frilled lizards
  6 kobolds
  8 rats
  2 butterflies (Lair:1)
  A fungus (D:10)
  4 plants
889 creatures vanquished.

Vanquished Creatures (collateral kills)
  Pikel (D:5)
  A yak (Lair:3)
  An ice beast (D:6)
  2 slaves (D:5)
  2 black bears
  An eye of draining (D:7)
  2 ogres
  A centaur (D:7)
  A water moccasin zombie (D:7)
  A scorpion (D:4)
  An electric eel (D:3)
  A crimson imp (D:7)
  A hound (D:4)
  3 orc priests
  A jelly (D:10)
  An orc wizard (D:3)
  Jessica (D:2)
  Natasha (D:2)
  A worker ant (D:7)
  4 adders
  2 shadow imps
  2 oozes (D:1)
  4 worms
  A leopard gecko (D:7)
  21 orcs
  4 giant cockroaches (D:1)
  2 hobgoblins
  6 jackals
  2 quokkas
  3 bats
  2 frilled lizards
  3 kobolds
  6 rats
86 creatures vanquished.

Vanquished Creatures (others)
  A dancing weapon (Elf:1)
  A jumping spider (Spider:1)
  A tarantella (Spider:4)
  2 orc warriors (Orc:2)
  A slave (D:5)
  A scorpion (D:5)
  An orc (D:5)
  49 fungi
  61 plants
  2 withered plants (D:4)
120 creatures vanquished.

Grand Total: 1095 creatures vanquished

Notes
Turn   | Place    | Note
-------+----------+-------------------------------------------
     0 | D:1      | Rediskos the Gnoll Wizard began the quest for the Orb.
     0 | D:1      | Reached XP level 1. HP: 13/13 MP: 8/8
     1 | D:1      | Found a runed door.
   227 | D:1      | Reached XP level 2. HP: 19/19 MP: 5/10
   266 | D:1      | Learned a level 2 spell: Call Imp
   269 | D:1      | Learned a level 2 spell: Blink
   958 | D:1      | Reached XP level 3. HP: 25/25 MP: 2/11
   963 | D:1      | Learned a level 3 spell: Mephitic Cloud
  1026 | D:1      | Reached skill level 1 in Invocations
  1322 | D:2      | Reached skill level 1 in Fighting
  1322 | D:2      | Reached skill level 1 in Short Blades
  1322 | D:2      | Reached skill level 1 in Long Blades
  1322 | D:2      | Reached skill level 1 in Axes
  1322 | D:2      | Reached skill level 1 in Maces & Flails
  1322 | D:2      | Reached skill level 1 in Polearms
  1322 | D:2      | Reached skill level 1 in Staves
  1322 | D:2      | Reached skill level 1 in Slings
  1322 | D:2      | Reached skill level 1 in Bows
  1322 | D:2      | Reached skill level 1 in Crossbows
  1322 | D:2      | Reached skill level 1 in Throwing
  1322 | D:2      | Reached skill level 1 in Armour
  1322 | D:2      | Reached skill level 1 in Shields
  1322 | D:2      | Reached skill level 1 in Unarmed Combat
  1322 | D:2      | Reached skill level 1 in Evocations
  1402 | D:2      | Reached XP level 4. HP: 32/32 MP: 9/13
  1449 | D:2      | Found a glowing golden altar of the Shining One.
  1517 | D:2      | Noticed Jessica
  1528 | D:2      | Killed Jessica
  1581 | D:2      | Found a shattered altar of Ashenzari.
  1611 | D:2      | Became a worshipper of Ashenzari the Shackled
  1901 | D:2      | Noticed Natasha
  1918 | D:2      | Killed Natasha
  1918 | D:2      | Reached skill level 1 in Hexes
  1918 | D:2      | Reached skill level 1 in Charms
  1918 | D:2      | Reached skill level 1 in Necromancy
  1918 | D:2      | Reached skill level 1 in Transmutations
  1918 | D:2      | Reached skill level 1 in Fire Magic
  1918 | D:2      | Reached skill level 1 in Ice Magic
  1918 | D:2      | Reached skill level 1 in Air Magic
  1918 | D:2      | Reached skill level 1 in Earth Magic
  1918 | D:2      | Reached skill level 1 in Poison Magic
  2498 | D:2      | Noticed Natasha
  2507 | D:2      | Killed Natasha
  2588 | D:3      | Reached XP level 5. HP: 37/37 MP: 14/14
  2934 | D:3      | Found a transporter.
  2969 | D:3      | Found a transporter.
  3880 | D:3      | Reached XP level 6. HP: 23/44 MP: 13/16
  4197 | D:3      | Learned a level 3 spell: Conjure Flame
  4201 | D:3      | Learned a level 3 spell: Regeneration
  4707 | D:4      | Reached skill level 5 in Dodging
  5092 | D:4      | Reached XP level 7. HP: 50/50 MP: 18/18
  5116 | D:4      | Found a shimmering altar of Xom.
  5151 | D:4      | Found a shimmering altar of Xom.
  5154 | D:4      | Found a shimmering altar of Xom.
  5154 | D:4      | Found a shimmering altar of Xom.
  5155 | D:4      | Found a shimmering altar of Xom.
  5212 | D:4      | Found a runed gate.
  5212 | D:4      | Noticed kerekes's ghost (amateur HuFi)
  5213 | D:4      | Found a runed gate.
  5214 | D:4      | Found a runed gate.
  5214 | D:4      | Noticed BushDid911's ghost (amateur DsFi)
  5215 | D:4      | Noticed rumpelstilzz's ghost (amateur NaTm)
  5216 | D:4      | Noticed Elizilla's ghost (novice FoFi)
  6039 | D:5      | Entered Level 5 of the Dungeon
  6045 | D:5      | Noticed Pikel
  6097 | D:5      | Killed Pikel
  6097 | D:5      | Reached skill level 5 in Stealth
  6097 | D:5      | Reached XP level 8. HP: 40/57 MP: 5/19
  6300 | D:5      | Noticed Blork the orc
  6521 | D:5      | Killed Blork the orc
  6776 | D:5      | Noticed Menkaure
  7520 | D:5      | Found a staircase to the Ecumenical Temple.
  7543 | D:5      | Killed Menkaure
  8152 | D:6      | Found an opulent altar of Gozag.
  8478 | D:6      | Reached * piety under Ashenzari
  8783 | D:6      | Reached XP level 9. HP: 62/65 MP: 21/21
  9173 | D:6      | Found a blossoming altar of Fedhas.
  9178 | D:6      | Found a snail-covered altar of Cheibriados.
  9181 | D:6      | Found a deep blue altar of Sif Muna.
  9821 | D:7      | Found a stormy altar of Qazlal.
 10599 | D:7      | Learned a level 4 spell: Airstrike
 10605 | D:7      | Learned a level 5 spell: Bolt of Magma
 10607 | D:7      | Learned a level 1 spell: Shock
 10713 | D:7      | Got the uncursed scale mail "Fiheatt" {rF+ Int+4 Dex+2}
 10725 | D:7      | Identified the +1 scale mail "Fiheatt" {rF+ Int+4 Dex+2}
                  | (You found it on level 7 of the Dungeon)
 10764 | D:7      | Got the cursed ring mail "Ryirch" {rElec rC+ Str-2 Slay+3}
 11095 | D:8      | Reached skill level 5 in Invocations
 11178 | D:8      | Noticed Grum
 11220 | D:8      | Killed Grum
 11220 | D:8      | Reached XP level 10. HP: 54/73 MP: 10/22
 11452 | D:8      | Reached ** piety under Ashenzari
 11490 | D:8      | Found a deep blue altar of Sif Muna.
 11490 | D:8      | Noticed an oklob plant
 11623 | D:8      | Found a viscous altar of Jiyva.
 11824 | D:8      | Found Popnoer's Jewellery Shop.
 11831 | D:8      | Bought an uncursed amulet of magic regeneration for 420
                  | gold pieces
 12291 | D:8      | Killed an oklob plant
 12291 | D:8      | Reached skill level 5 in Fighting
 12291 | D:8      | Reached skill level 5 in Short Blades
 12291 | D:8      | Reached skill level 5 in Long Blades
 12291 | D:8      | Reached skill level 5 in Axes
 12291 | D:8      | Reached skill level 5 in Maces & Flails
 12291 | D:8      | Reached skill level 5 in Polearms
 12291 | D:8      | Reached skill level 5 in Staves
 12291 | D:8      | Reached skill level 5 in Slings
 12291 | D:8      | Reached skill level 5 in Bows
 12291 | D:8      | Reached skill level 5 in Crossbows
 12291 | D:8      | Reached skill level 5 in Throwing
 12291 | D:8      | Reached skill level 5 in Armour
 12291 | D:8      | Reached skill level 5 in Shields
 12291 | D:8      | Reached skill level 5 in Unarmed Combat
 12291 | D:8      | Reached skill level 5 in Evocations
 12608 | D:4      | Killed Elizilla's ghost
 12613 | D:4      | Killed BushDid911's ghost
 12621 | D:4      | Killed kerekes's ghost
 12673 | D:4      | Killed rumpelstilzz's ghost
 13110 | D:9      | Found a staircase to the Orcish Mines.
 13188 | D:9      | Noticed a two-headed ogre
 13221 | D:9      | Killed a two-headed ogre
 13221 | D:9      | Reached skill level 5 in Conjurations
 13221 | D:9      | Reached skill level 5 in Summonings
 13221 | D:9      | Reached skill level 5 in Translocations
 13583 | D:9      | Noticed a brown ugly thing
 13635 | D:8      | Killed a brown ugly thing
 13850 | D:9      | Reached XP level 11. HP: 55/81 MP: 24/24
 13879 | D:9      | Learned a level 3 spell: Static Discharge
 14412 | D:10     | Entered Level 10 of the Dungeon
 14618 | D:10     | Reached *** piety under Ashenzari
 14833 | D:10     | Found a staircase to the Lair.
 14867 | D:10     | Reached skill level 5 in Hexes
 14867 | D:10     | Reached skill level 5 in Charms
 14867 | D:10     | Reached skill level 5 in Necromancy
 14867 | D:10     | Reached skill level 5 in Transmutations
 14867 | D:10     | Reached skill level 5 in Fire Magic
 14867 | D:10     | Reached skill level 5 in Ice Magic
 14867 | D:10     | Reached skill level 5 in Air Magic
 14867 | D:10     | Reached skill level 5 in Earth Magic
 14867 | D:10     | Reached skill level 5 in Poison Magic
 14890 | D:10     | Found a runed door.
 14916 | D:10     | Found a runed gate.
 14918 | D:10     | Found the +9 staff of Olgreb {rPois}
 14945 | D:10     | Found a runed gate.
 14945 | D:10     | Found a runed gate.
 14953 | D:10     | Found a runed door.
 15681 | Lair:1   | Entered Level 1 of the Lair of Beasts
 16009 | Lair:1   | Noticed Erica
 16016 | Lair:1   | Killed Erica
 16683 | Lair:2   | Found a runed door.
 16861 | Lair:2   | Reached **** piety under Ashenzari
 17315 | Lair:2   | Noticed Ebbaamay's ghost (journeyman DDFi)
 17316 | Lair:2   | Noticed a spriggan rider
 17534 | Lair:3   | Noticed a catoblepas
 17540 | Lair:3   | Killed a catoblepas
 17540 | Lair:3   | Reached XP level 12. HP: 88/89 MP: 17/25
 17854 | Lair:3   | Reached skill level 10 in Spellcasting
 18105 | Lair:3   | Noticed a catoblepas
 18151 | Lair:3   | Killed a catoblepas
 19079 | Lair:3   | Found a hole to the Spider Nest.
 19117 | Lair:3   | Noticed a queen ant
 19120 | Lair:3   | Killed a queen ant
 20152 | Lair:4   | Noticed a five-headed hydra
 20158 | Lair:4   | Killed a five-headed hydra
 20158 | Lair:4   | Reached XP level 13. HP: 95/98 MP: 9/27
 20761 | Lair:4   | Reached ***** piety under Ashenzari
 20902 | Lair:4   | Found a staircase to the Shoals.
 21047 | Lair:4   | Learned a level 6 spell: Iron Shot
 21203 | Lair:5   | Found a labyrinth entrance.
 21212 | Lab      | Entered a labyrinth
 21311 | Lab      | Found an exit through the horrors of the Abyss.
 21356 | Lab      | Noticed a minotaur
 21367 | Lab      | Killed a minotaur
 21439 | Lab      | Identified Lunatza's Catalogue of Boosts
 21444 | Lab      | Identified the Grimoire of Enchantment
 21487 | Lab      | Learned a level 6 spell: Invisibility
 22642 | Lair:6   | Entered Level 6 of the Lair of Beasts
 24477 | Lair:6   | Found a staircase to the Slime Pits.
 24478 | Lair:6   | Found a viscous altar of Jiyva.
 24486 | Lair:6   | Reached XP level 14. HP: 106/106 MP: 25/29
 24932 | Lair:6   | Reached skill level 10 in Dodging
 25740 | Spider:1 | Entered Level 1 of the Spider Nest
 25740 | Spider:1 | Noticed an emperor scorpion
 25752 | Spider:1 | Reached skill level 10 in Stealth
 25770 | Spider:1 | Reached skill level 10 in Invocations
 25843 | Spider:1 | Noticed a ghost moth
 26425 | Lair:3   | Killed an emperor scorpion
 26676 | Spider:1 | Killed a ghost moth
 26811 | Spider:1 | Reached XP level 15. HP: 114/114 MP: 27/30
 27229 | Spider:1 | Identified the +4 quarterstaff "Zicoaqer" {flame, rF- Str+5
                  | Dex+6}
 28027 | Spider:2 | Noticed an emperor scorpion
 28139 | Spider:1 | Killed an emperor scorpion
 28915 | Spider:2 | Noticed a ghost moth
 28926 | Spider:2 | Killed a ghost moth
 28926 | Spider:2 | Reached skill level 10 in Fighting
 28926 | Spider:2 | Reached skill level 10 in Short Blades
 28926 | Spider:2 | Reached skill level 10 in Long Blades
 28926 | Spider:2 | Reached skill level 10 in Axes
 28926 | Spider:2 | Reached skill level 10 in Maces & Flails
 28926 | Spider:2 | Reached skill level 10 in Polearms
 28926 | Spider:2 | Reached skill level 10 in Staves
 28926 | Spider:2 | Reached skill level 10 in Slings
 28926 | Spider:2 | Reached skill level 10 in Bows
 28926 | Spider:2 | Reached skill level 10 in Crossbows
 28926 | Spider:2 | Reached skill level 10 in Throwing
 28926 | Spider:2 | Reached skill level 10 in Armour
 28926 | Spider:2 | Reached skill level 10 in Shields
 28926 | Spider:2 | Reached skill level 10 in Unarmed Combat
 28926 | Spider:2 | Reached skill level 10 in Evocations
 29968 | Spider:4 | Entered Level 4 of the Spider Nest
 29970 | Spider:4 | Noticed Arachne
 30020 | Spider:3 | Killed Arachne
 30210 | Spider:4 | Reached XP level 16. HP: 110/122 MP: 29/32
 30503 | Spider:4 | Gained mutation: You are dopey. (Int -2) [mutagenic glow]
 31694 | Spider:3 | Gained mutation: You are clumsy. (Dex -2) [mutagenic glow]
 32562 | Spider:4 | Got a gossamer rune of Zot
 33298 | Orc:1    | Entered Level 1 of the Orcish Mines
 33298 | Orc:1    | Found Xeplu's Assorted Antiques.
 33346 | Orc:1    | Bought a scroll of teleportation for 84 gold pieces
 33346 | Orc:1    | Bought a scroll of identify for 56 gold pieces
 33346 | Orc:1    | Bought a potion of curing for 84 gold pieces
 33357 | Orc:1    | Found a roughly hewn altar of Beogh.
 33402 | Orc:2    | Entered Level 2 of the Orcish Mines
 33409 | Orc:2    | Found Hyodirus's Antique Weapon Shoppe.
 33591 | Orc:2    | Reached ****** piety under Ashenzari
 33592 | Orc:2    | Found a burning altar of Makhleb.
 33605 | Orc:2    | Found a staircase to the Elven Halls.
 33829 | Orc:2    | Found Oklanen's Magic Scroll Shoppe.
 33832 | Orc:2    | Bought a scroll of identify for 36 gold pieces
 33832 | Orc:2    | Bought a scroll of teleportation for 54 gold pieces
 33832 | Orc:2    | Bought a scroll of magic mapping for 63 gold pieces
 33832 | Orc:2    | Bought a scroll of remove curse for 54 gold pieces
 33906 | Orc:2    | Found Cean's Antique Armour Emporium.
 33993 | Orc:1    | Found Jeir's Weapon Boutique.
 34354 | Orc:2    | Paralysed by an orc sorcerer for 4 turns
 34726 | Orc:2    | Reached XP level 17. HP: 120/131 MP: 33/33
 34821 | Orc:2    | Found Xomilet's Jewellery Emporium.
 34823 | Orc:2    | Found Vekix's Antique Weapon Boutique.
 34831 | Orc:2    | Found Ysaat's Food Boutique.
 34843 | Orc:2    | Bought a shiny helmet for 195 gold pieces
 34843 | Orc:2    | Bought a pair of glowing boots for 195 gold pieces
 35138 | Shoals:1 | Entered Level 1 of the Shoals
 36388 | Shoals:2 | Found Cuavufra's Antique Weapon Boutique.
 37156 | Shoals:2 | Noticed a titan
 37180 | Shoals:2 | Killed a titan
 37180 | Shoals:2 | Reached skill level 10 in Conjurations
 37180 | Shoals:2 | Reached skill level 10 in Summonings
 37180 | Shoals:2 | Reached skill level 10 in Translocations
 38820 | Shoals:4 | Entered Level 4 of the Shoals
 38875 | Shoals:4 | Found Yheilyit's Distillery.
 38906 | Shoals:4 | Bought a potion of curing for 39 gold pieces
 38906 | Shoals:4 | Bought a potion of haste for 130 gold pieces
 38906 | Shoals:4 | Bought a potion of curing for 39 gold pieces
 38906 | Shoals:4 | Bought a potion of curing for 39 gold pieces
 38946 | Shoals:4 | Reached skill level 10 in Hexes
 38946 | Shoals:4 | Reached skill level 10 in Charms
 38946 | Shoals:4 | Reached skill level 10 in Necromancy
 38946 | Shoals:4 | Reached skill level 10 in Transmutations
 38946 | Shoals:4 | Reached skill level 10 in Fire Magic
 38946 | Shoals:4 | Reached skill level 10 in Ice Magic
 38946 | Shoals:4 | Reached skill level 10 in Air Magic
 38946 | Shoals:4 | Reached skill level 10 in Earth Magic
 38946 | Shoals:4 | Reached skill level 10 in Poison Magic
 38961 | Shoals:4 | Reached XP level 18. HP: 106/139 MP: 14/35
 39058 | Shoals:4 | Got a barnacled rune of Zot
 39321 | Shoals:4 | Got the uncursed pair of boots of Nihilism {rF+ Int+3}
 39334 | Shoals:4 | Identified the +0 pair of boots of Nihilism {rF+ Int+3}
                  | (You found it on level 4 of the Shoals)
 39349 | Shoals:4 | Learned a level 7 spell: Orb of Destruction
 39498 | Shoals:4 | Got the uncursed plate armour "Nohus" {rN+ Str+6 Int-5}
 39509 | Shoals:4 | Identified the +3 plate armour "Nohus" {rN+ Str+6 Int-5}
                  | (You found it on level 4 of the Shoals)
 40211 | Orc:2    | Bought the ring "Suisoeth" {+Fly rElec rF++ rN+} for 957
                  | gold pieces
 40286 | Elf:1    | Entered Level 1 of the Elven Halls
 40911 | Elf:1    | Cast into level 3 of the Abyss (a deep elf demonologist)
 40938 | Abyss:3  | Paralysed by a great orb of eyes for 6 turns
 40951 | Abyss:3  | HP: 7/140 [crystal guardian/crystal bolt (41)]
 40951 | Abyss:3  | Killed from afar by a crystal guardian

Skill      XL: |  1  2  3  4  5  6  7  8  9 10 11 12 13 14 15 16 17 18 |
---------------+-------------------------------------------------------+-----
Conjurations   | 2 3 4 5 6 7 8 9 10 | 10.5
Summonings     | 2 3 4 5 6 7 8 9 10 | 10.5
Translocations | 2 3 4 5 6 7 8 9 10 | 10.5
Invocations    | 1 2 3 4 5 6 7 8 9 10 11 12 13 | 13.0
Fighting       | 1 2 3 4 5 6 7 8 9 10 11 12 | 12.0
Short Blades   | 1 2 3 4 5 6 7 8 9 10 11 12 | 12.0
Long Blades    | 1 2 3 4 5 6 7 8 9 10 11 12 | 12.0
Axes           | 1 2 3 4 5 6 7 8 9 10 11 12 | 12.0
Maces & Flails | 1 2 3 4 5 6 7 8 9 10 11 12 | 12.0
Polearms       | 1 2 3 4 5 6 7 8 9 10 11 12 | 12.0
Staves         | 1 2 3 4 5 6 7 8 9 10 11 12 | 12.0
Slings         | 1 2 3 4 5 6 7 8 9 10 11 12 | 12.0
Bows           | 1 2 3 4 5 6 7 8 9 10 11 12 | 12.0
Crossbows      | 1 2 3 4 5 6 7 8 9 10 11 12 | 12.0
Throwing       | 1 2 3 4 5 6 7 8 9 10 11 12 | 12.0
Armour         | 1 2 3 4 5 6 7 8 9 10 11 12 | 12.0
Shields        | 1 2 3 4 5 6 7 8 9 10 11 12 | 12.0
Unarmed Combat | 1 2 3 4 5 6 7 8 9 10 11 12 | 12.0
Evocations     | 1 2 3 4 5 6 7 8 9 10 11 12 | 12.0
Hexes          | 1 2 3 4 5 6 7 8 9 10 | 10.3
Charms         | 1 2 3 4 5 6 7 8 9 10 | 10.3
Necromancy     | 1 2 3 4 5 6 7 8 9 10 | 10.3
Transmutations | 1 2 3 4 5 6 7 8 9 10 | 10.3
Fire Magic     | 1 2 3 4 5 6 7 8 9 10 | 10.3
Ice Magic      | 1 2 3 4 5 6 7 8 9 10 | 10.3
Air Magic      | 1 2 3 4 5 6 7 8 9 10 | 10.3
Earth Magic    | 1 2 3 4 5 6 7 8 9 10 | 10.3
Poison Magic   | 1 2 3 4 5 6 7 8 9 10 | 10.3
Dodging        | 5 6 7 8 9 10 11 12 | 12.7
Stealth        | 5 6 7 8 9 10 11 12 | 12.6
Spellcasting   | 8 9 10 11 12 13 | 13.6

Action                   |  1- 3 |  4- 6 |  7- 9 | 10-12 | 13-15 | 16-18 || total
-------------------------+-------+-------+-------+-------+-------+-------++-------
Melee: Unarmed           |       |   129 |     2 |       |       |       ||   131
       Bite              |       |    28 |     2 |     3 |    27 |    26 ||    86
       Dagger            |       |       |     7 |       |       |       ||     7
       Staff             |       |       |       |    24 |   197 |   293 ||   514
 Fire: Blowgun           |       |       |    11 |     4 |       |       ||    15
 Cast: Magic Dart        |    45 |   114 |   240 |       |       |       ||   399
       Call Imp          |    21 |    45 |    76 |    30 |     1 |       ||   173
       Blink             |     1 |       |     5 |     6 |    25 |    13 ||    50
       Mephitic Cloud    |       |     6 |    10 |     2 |     4 |     8 ||    30
       Conjure Flame     |       |     1 |    16 |    16 |     2 |       ||    35
       Shock             |       |       |    66 |   550 |   410 |   310 ||  1336
       Airstrike         |       |       |       |   119 |    99 |   212 ||   430
       Regeneration      |       |       |       |     3 |    28 |    27 ||    58
       Bolt of Magma     |       |       |       |    25 |    56 |   157 ||   238
       Static Discharge  |       |       |       |    34 |   116 |     2 ||   152
       Iron Shot         |       |       |       |       |    72 |    52 ||   124
       Invisibility      |       |       |       |       |    11 |    10 ||    21
       Orb of Destructio |       |       |       |       |       |    12 ||    12
Invok: Curse Item        |       |     1 |     1 |     3 |       |     1 ||     6
Evoke: Staff of Olgreb   |       |       |       |    15 |    33 |   103 ||   151
       Wand              |       |       |       |       |     1 |     4 ||     5
  Use: Scroll            |       |     5 |     2 |     8 |     9 |     7 ||    31
       Potion            |       |       |       |       |     2 |       ||     2
 Stab: Invisible         |       |       |       |       |    12 |     8 ||    20
       Sleeping          |       |       |       |       |     1 |       ||     1
  Eat: Chunk             |     1 |     8 |    13 |    26 |    21 |    44 ||   113
       Ration            |       |     1 |     2 |     1 |    10 |     4 ||    18
Armor: Robe              |       |     4 |    17 |       |       |       ||    21
       Scale mail        |       |       |    24 |   107 |   297 |   170 ||   598
Dodge: Dodged            |    24 |    28 |   129 |   166 |   435 |   367 ||  1149
       Deflected         |       |       |       |     2 |     5 |    53 ||    60
Block: Buckler           |       |       |       |    66 |   209 |   163 ||   438
